 Dungeon Crawl Stone Soup version 0.30-a0-883-g5ad918d77d (webtiles) character file.

Game seed: 10245713000401547928

4685 Pimp the Cutter (level 10, -2/78 HPs)
             Began as a Green Draconian Fire Elementalist on Mar 16, 2023.
             Was an Initiate of Vehumet.
             Splashed by a brown ugly thing's acid (7 damage)
             ... on level 8 of the Dungeon.
             The game lasted 00:33:00 (8860 turns).

Pimp the Cutter (Green Draconian Fire Elementalist) Turns: 8860, Time: 00:33:00

Health: -2/78      AC: -1    Str: 11    XL:     10   Next: 21%
Magic:  17/19      EV: 13    Int: 18    God:    Vehumet [......]
Gold:   974        SH:  0    Dex: 15    Spells: 5/21 levels left

rFire   + . .      SeeInvis .    r - +11 quick blade of the Water Diviner {flame, *Rage Will+ Dex+2 Stlth+}
rCold   . . .      Faith    .    (no shield)
rNeg    . . .      Spirit   .    (body armour unavailable)
rPois   +          Reflect  .    (helmet restricted)
rElec   .          Rampage  .    w - scarf {+Inv}
rCorr   .          Rage     20%  o - +1 pair of gloves
Will    +....                    f - +1 pair of boots
Stlth   ++++                     (no amulet)
HPRegen 0.33/turn                c - ring of protection from fire
MPRegen 0.16/turn                (no ring)

@: short of breath, corroded, on berserk cooldown, hasted and slowed
A: breathe noxious fumes, AC +7, unfitting armour, poison resistance,
cold-blooded
a: Breathe Noxious Fumes, Renounce Religion, Evoke Invisibility


You were on level 8 of the Dungeon.
You worshipped Vehumet.
Vehumet was noncommittal.
You visited 2 branches of the dungeon, and saw 9 of its levels.
You also visited: Sewer.

You collected 974 gold pieces.

Inventory:

Hand Weapons
 g - a +0 dagger
 i - a +1 dagger of electrocution
 r - the +11 quick blade of the Water Diviner (weapon) {flame, *Rage Will+ Dex+2 Stlth+}
   (You acquired it on level 7 of the Dungeon)

   Dex:       It affects your dexterity (+2).
   *Rage:     It berserks you when you make melee attacks (+20% chance).
   Will:      It increases your willpower.
   Stlth:     It makes you more stealthy.
 A - a +0 vampiric short sword
 D - the +7 sling of Dim Light {flame, rF+ Str+4 Int-5}
   (You found it on level 5 of the Dungeon)

   Str:       It affects your strength (+4).
   Int:       It affects your intelligence (-5).
   rF:        It protects you from fire.
Missiles
 x - 2 throwing nets
Armour
 f - a +1 pair of boots (worn)
 h - a +0 pair of gloves
 o - a +1 pair of gloves (worn)
 w - a scarf of invisibility (worn)
 B - a +0 kite shield
Jewellery
 c - a ring of protection from fire (left hand)
 C - an amulet of regeneration
Scrolls
 m - a scroll of fog
 n - 2 scrolls of teleportation
 y - a scroll of torment {unknown}
 z - a scroll of fear
 E - a scroll of poison
 G - 2 scrolls of identify
Potions
 a - 2 potions of flight
 b - 3 potions of mutation {unknown}
 d - a potion of brilliance {unknown}
 e - 2 potions of might
 j - a potion of berserk rage {unknown}
 k - 2 potions of cancellation {unknown}
 l - 3 potions of curing
 p - a potion of invisibility {unknown}
 q - 2 potions of haste
 s - 2 potions of resistance {unknown}
 t - 3 potions of lignification {unknown}
 u - a potion of attraction {unknown}
 v - 2 potions of ambrosia {unknown}
 F - a potion of degeneration {unknown}


   Skills:
 - Level 4.1 Fighting
 * Level 7.5 Short Blades
 - Level 4.0 Dodging
 - Level 4.4 Stealth
 + Level 4.3 Shields
 + Level 6.0 Spellcasting
 - Level 4.0 Conjurations
 - Level 1.8 Transmutations
 - Level 5.1 Fire Magic
 - Level 3.1 Poison Magic
 - Level 2.7 Evocations


You had 5 spell levels left.
You knew the following spells:

 Your Spells              Type           Power      Damage    Failure   Level
a - Foxfire               Conj/Fire      88%        2x1d8     1%          1
b - Scorch                Fire           46%        2d7       2%          2
c - Ignite Poison         Fire/Tmut/Pois 17%        N/A       9%          3
d - Inner Flame           Hex/Fire       14%        N/A       13%         3
e - Kindle Blastsparks    Fire/Tloc/Air  22%        2d11      19%         3
f - Flame Wave            Conj/Fire      22%        2d8       19%         4

Your spell library contained the following spells:

 Spells                   Type           Power      Damage    Failure   Level
 Lesser Beckoning         Tloc           10%        N/A       19%         2
 Gell's Gravitas          Tloc           5%         N/A       34%         3
 Ozocubu's Armour         Ice            5%         N/A       34%         3
 Teleport Other           Tloc           5%         N/A       34%         3
 Freezing Cloud           Conj/Ice/Air   5%         6-21      88%         5
 Ozocubu's Refrigeration  Ice            2%         4d8       100%        7


Dungeon Overview and Level Annotations

Branches:
Dungeon (8/15)             Temple (1/1) D:7           Sewer (visited)
   Lair: D:8-11

Altars:
Cheibriados
Dithmenos
Hepliaklqana
Kikubaaqudgha
Makhleb
Qazlal
Ru
Sif Muna
Trog
Uskayaw
Vehumet
Yredelemnul
Zin
The Shining One


Innate Abilities, Weirdness & Mutations

You can breathe blasts of noxious fumes.
Your lurid green scales are hard. (AC +7)
You cannot fit into any form of body armour.
Your system is resistant to poisons. (rPois)
You are cold-blooded and may be slowed by cold attacks.


Message History

Aiming: Breathe Noxious Fumes (3% risk of failure)
Press: ? - help, Q - select action, (/) - cycle Shift-Dir - straight line, f - brown ugly thing
Aim: a brown ugly thing (59% to hit)
You exhale a blast of noxious fumes.
The blast of choking fumes hits the brown ugly thing.
The brown ugly thing is lightly wounded.
The brown ugly thing is engulfed in noxious fumes. x2
The brown ugly thing appears confused.
Casting: Scorch (safe; 2% risk of failure)
Confirm with . or Enter, or press ? or * to list all spells.
You ignite the poison in your surroundings!
The brown ugly thing is engulfed in blazing flames.
The brown ugly thing seems less confused.
The brown ugly thing is engulfed in blazing flames. x2
The brown ugly thing tentacle-slaps you!
The acid corrodes you!
You are splashed with acid!
There is an open door, spattered with blood here.
The brown ugly thing attacks as you move away!
The brown ugly thing misses you.
You hit the brown ugly thing. You burn the brown ugly thing.
The brown ugly thing is severely wounded.
The brown ugly thing tentacle-slaps you.
The acid corrodes you!
You are splashed with acid!
You hit the brown ugly thing but do no damage.
The brown ugly thing is severely wounded.
You hit the brown ugly thing but do no damage.
The brown ugly thing is severely wounded.
The brown ugly thing tentacle-slaps you!
The acid corrodes you!
You are splashed with acid!
* * * LOW HITPOINT WARNING * * *
You feel better.
The brown ugly thing tentacle-slaps you!
* * * LOW HITPOINT WARNING * * *
You are splashed with acid!
* * * LOW HITPOINT WARNING * * *
You feel yourself speed up.
The brown ugly thing tentacle-slaps you!
* * * LOW HITPOINT WARNING * * *
You are splashed with acid!
You die...

#.?.# #.###
#+#+##.# #...##.#
#....'.#
##+###'###.#
#.......##.#
#.......##.#
#...@...##.# ##+##
#####u#####.#
.....#
#.).†.)...#.#
....##.###'###.#..
# #...#†#.T...# #
#.##..#.#.###.#
#)...'.#.# .#
#.##..#.#.# #
#...#.#)...T#


You could see a brown ugly thing and a troll.

Vanquished Creatures
  A skeletal warrior (D:8)
  A manticore (D:8)
  Joseph (D:7)
  A gargoyle (D:8)
  A wyvern (D:8)
  Eustachio (D:5)
  An acid dragon (D:8)
  A water moccasin (D:8)
  Duvessa (D:5)
  2 ogres
  2 centaurs (D:8)
  2 phantoms (D:5)
  2 kobold brigands (Sewer)
  2 bullfrogs
  3 necrophages (D:4)
  A gnoll sergeant (D:6)
  A scorpion (D:4)
  4 wights (D:7)
  Dowan (D:5)
  10 killer bees
  2 howler monkeys
  A human zombie (D:4)
  3 hounds
  2 gnoll boudas (D:7)
  2 jellies
  4 iguanas
  3 hound zombies (D:4)
  2 mummies (D:4)
  5 adders
  17 gnolls
  2 river rats
  2 shadow imps
  5 white imps
  An ufetubus (D:4)
  3 adder zombies (D:4)
  3 worms
  A dart slug (D:1)
  2 orcs
  4 bats
  10 endoplasms
  4 giant cockroaches
  8 goblins
  5 hobgoblins
  9 jackals
  11 kobolds
  3 quokkas
  14 ball pythons
  2 frilled lizards
  17 rats
186 creatures vanquished.

Vanquished Creatures (others)
  171 foxfires
  A plant (D:3)
172 creatures vanquished.

Grand Total: 358 creatures vanquished

Notes
Turn   | Place    | Note
-------+----------+-------------------------------------------
     0 | D:1      | Pimp the Draconian Fire Elementalist began the quest for
                  | the Orb.
     0 | D:1      | Reached XP level 1. HP: 14/14 MP: 3/3
   289 | D:1      | Reached XP level 2. HP: 22/22 MP: 1/5
  1079 | D:2      | Reached XP level 3. HP: 27/27 MP: 6/6
  1419 | D:2      | Reached skill level 1 in Fighting
  1705 | D:2      | Reached XP level 4. HP: 23/35 MP: 5/7
  1972 | D:3      | Learned a level 2 spell: Scorch
  2005 | D:3      | Found a glowing golden altar of the Shining One.
  2090 | D:3      | Found a glowing drain.
  2097 | Sewer    | Entered a sewer
  2266 | Sewer    | Reached XP level 5. HP: 40/41 MP: 6/8
  2377 | Sewer    | Identified a scroll of acquirement
  2377 | Sewer    | Acquired 515 gold pieces
  2706 | Sewer    | Reached skill level 1 in Short Blades
  2706 | Sewer    | Reached XP level 6. HP: 34/48 MP: 2/10
  4423 | D:4      | Your scales start taking on a lurid green colour.
  4423 | D:4      | Reached XP level 7. HP: 56/56 MP: 11/11
  4423 | D:4      | Gained mutation: Your system is resistant to poisons.
                  | (rPois) [Green Draconian growth]
  4427 | D:4      | Learned a level 3 spell: Ignite Poison
  4446 | D:4      | Found a basalt altar of Yredelemnul.
  4462 | D:4      | Reached skill level 2 in Short Blades
  4473 | D:4      | Reached skill level 1 in Evocations
  4764 | D:5      | Entered Level 5 of the Dungeon
  4795 | D:5      | Noticed Eustachio
  5051 | D:5      | Reached skill level 1 in Poison Magic
  5107 | D:5      | Noticed Duvessa
  5110 | D:5      | Noticed Dowan
  5118 | D:5      | Killed Dowan
  5124 | D:5      | Killed Duvessa
  5255 | D:5      | Reached XP level 8. HP: 63/63 MP: 3/13
  5465 | D:5      | Killed Eustachio
  5620 | D:5      | Identified the +7 sling of Dim Light {flame, rF+ Str+4
                  | Int-5}
  6151 | D:6      | Reached skill level 1 in Transmutations
  6215 | D:6      | Found a sacrificial altar of Ru.
  6291 | D:5      | Reached skill level 3 in Short Blades
  6751 | D:6      | Reached skill level 5 in Fire Magic
  7348 | D:7      | Acquired the +11 quick blade of the Water Diviner {flame,
                  | *Rage Will+ Dex+2 Stlth+}
  7544 | D:7      | Reached XP level 9. HP: 69/69 MP: 15/15
  7553 | D:7      | Noticed Joseph
  7630 | D:7      | Killed Joseph
  7631 | D:7      | Reached skill level 4 in Short Blades
  7631 | D:7      | Reached skill level 1 in Shields
  7825 | D:7      | Found a hazy altar of Hepliaklqana.
  7863 | D:7      | Found a staircase to the Ecumenical Temple.
  8103 | D:7      | Reached skill level 5 in Short Blades
  8504 | Temple   | Entered the Ecumenical Temple
  8509 | Temple   | Became a worshipper of Vehumet
  8518 | Temple   | Learned a level 3 spell: Inner Flame
  8522 | Temple   | Learned a level 3 spell: Kindle Blastsparks
  8527 | Temple   | Learned a level 4 spell: Flame Wave
  8561 | D:8      | Reached skill level 5 in Spellcasting
  8749 | D:8      | Noticed a manticore
  8750 | D:8      | Noticed a gargoyle
  8754 | D:8      | Killed a manticore
  8755 | D:8      | Reached skill level 6 in Short Blades
  8764 | D:8      | Killed a gargoyle
  8765 | D:8      | Reached XP level 10. HP: 78/78 MP: 16/18
  8792 | D:8      | Reached skill level 7 in Short Blades
  8834 | D:8      | Noticed a skeletal warrior
  8837 | D:8      | Noticed a brown ugly thing
  8846 | D:8      | Killed a skeletal warrior
  8860 | D:8      | Splashed by a brown ugly thing's acid

Illustrated notes

Levels and vault maps discovered:
D:1:      elethiomel_arrival_infinity_welcomes_careful_drivers, layout_basic,
          nicolae_concentric_dashed_squares_mild, minivault_23,
          serial_bayou_pond_a, chequers_serial_rivers_room_a,
          minmay_strange_pillars
D:2:      layout_rooms
D:3:      layout_loops_cross, tso_oasis_becter, portal_sewer_entry_e,
          dreamdust_mushroom_princess
D:4:      layout_basic, lemuel_mausoleum_altar_yredelemnul
D:5:      layout_basic, uniq_eustachio, uniq_duvessa
D:6:      layout_basic, nicolae_ru_awakened_eye
D:7:      layout_basic, nzn_hepliaklqana_mist_gate, minmay_temple_entry_wispy,
          minivault_25, uniq_joseph
D:8:      layout_basic, david_lair_shrubbed, serial_shops, kennysheep_mini_moat,
          minmay_misc_feat_secret_circle, minmay_the_grid_2x2
          [minmay_the_grid_tree, minmay_the_grid_small_cups,
          minmay_the_grid_plusring, minmay_the_grid_prize_shrinking_boxes],
          uniq_psyche
Temple:   compressed_dpeg_triangle_lava_temple

Skill      XL: |  1  2  3  4  5  6  7  8  9 10 |
---------------+-------------------------------+-----
Dodging        | 2 3 4 |  4.0
Stealth        | 2 3 4 |  4.4
Fighting       | 1 2 3 4 |  4.1
Conjurations   | 2 3 4 |  4.0
Short Blades   | 1 2 3 6 7 |  7.5
Spellcasting   | 3 4 5 6 |  6.0
Fire Magic     | 4 5 |  5.1
Evocations     | 1 2 |  2.7
Poison Magic   | 1 3 |  3.1
Transmutations | 1 |  1.8
Shields        | 3 4 |  4.3

Action                     |  1- 3 |  4- 6 |  7- 9 | 10-12 || total
---------------------------+-------+-------+-------+-------++-------
  Melee: Unarmed           |    15 |       |       |       ||    15
         Dagger            |    62 |   127 |    50 |       ||   239
         Tailslap          |     8 |    15 |    22 |     1 ||    46
         Punch             |     1 |     2 |     2 |       ||     5
         Short sword       |       |       |    87 |       ||    87
         Quick blade       |       |       |    64 |    27 ||    91
   Cast: Foxfire           |    39 |    38 |    30 |       ||   107
         Scorch            |       |    19 |    38 |     1 ||    58
         Ignite Poison     |       |       |    13 |     1 ||    14
Ability: Breathe Noxious F |       |       |    16 |     1 ||    17
    Use: Scroll            |     5 |     3 |     5 |       ||    13
         Potion            |     1 |     5 |     2 |     2 ||    10
   Stab: Sleeping          |     5 |     8 |    10 |     1 ||    24
         Confused          |       |       |     2 |       ||     2
 Armour: Skin              |    33 |    64 |    86 |     3 ||   186
  Dodge: Dodged            |    58 |   100 |   162 |     8 ||   328

Table legend: (Time is in decaauts)
 A = Elapsed time spent in this place.
 B = Non-inter-level travel time spent in this place.
 C = Inter-level travel time spent in this place.
 D = Time resting spent in this place.
 E = Time spent auto-exploring this place.
 F = Levels seen in this place.
 G = Mean time per level.
                   A        B        C        D        E       F      G
               +--------+--------+--------+--------+--------+-----+--------+
         Total |   8939 |   8740 |    199 |   2069 |   4461 |  10 |  893.9 |
       Dungeon |   8126 |   7927 |    199 |   1663 |   4395 |   8 | 1015.8 |
        Temple |     27 |     27 |      0 |      0 |      1 |   1 |   27.0 |
         Sewer |    785 |    785 |      0 |    406 |     65 |   1 |  785.0 |
               +--------+--------+--------+--------+--------+-----+--------+

Top non-repeatable levels by time:
     D:4: 1597 daAuts
     D:5: 1298 daAuts
     D:7: 1239 daAuts
     D:1: 1073 daAuts
     D:6: 1065 daAuts
     D:2: 813 daAuts
   Sewer: 785 daAuts
     D:3: 737 daAuts
     D:8: 302 daAuts
  Temple: 27 daAuts
